 Dungeon Crawl Stone Soup version 0.29.0-4-gdea44cf6ec (webtiles) character file.

Game seed: 453638145523168309

142 qw the Chopper (level 5, -2/30 HPs)
             Began as a Tengu Warper on Aug 28, 2022.
             Slain by a gnoll
             ... wielding a +0 flail
              (9 damage)
             ... on level 2 of the Dungeon.
             The game lasted 00:00:09 (2095 turns).

qw the Chopper (Tengu Warper)                       Turns: 2095, Time: 00:00:09

Health: -2/30      AC:  3    Str: 14    XL:     5   Next: 25%
Magic:  9/9        EV: 14    Int: 13    God:
Gold:   101        SH:  0    Dex: 13    Spells: 8/8 levels left

rFire   . . .      SeeInvis .   Y - +0 hand axe
rCold   . . .      Faith    .   (no shield)
rNeg    . . .      Spirit   .   b - +0 leather armour
rPois   .          Reflect  .   (helmet restricted)
rElec   .          Harm     .   (no cloak)
rCorr   .          Rampage  .   (no gloves)
Will    .....                   (boots unavailable)
Stlth   +.........              (no amulet)
HPRegen 0.10/turn               (no ring)
MPRegen 0.11/turn               (no ring)

@: flying quickly and evasively, quick
A: beak, talons 3, nimble flight
a: no special abilities


You were on level 2 of the Dungeon.
You visited 1 branch of the dungeon, and saw 2 of its levels.

You collected 101 gold pieces.


Innate Abilities, Weirdness & Mutations

You have a beak for a mouth.
You have claws for feet.
Your magical nature lets you fly swiftly and evasively.


   Skills:
 - Level 2.0 Fighting
 + Level 5.8 Axes
 - Level 1.0 Throwing
 - Level 1.1 Armour
 - Level 2.1 Dodging
 - Level 2.0 Spellcasting
 - Level 2.4 Translocations


You had 8 spell levels left.
You didn't know any spells.
Your spell library contained the following spells:

 Spells                   Type           Power      Damage    Failure   Level
 Blink                    Tloc           14%        N/A       19%         2
 Gell's Gravitas          Tloc           7%         N/A       34%         3
 Lesser Beckoning         Tloc           7%         N/A       34%         3
 Teleport Other           Tloc           7%         N/A       34%         3
 Manifold Assault         Tloc           7%         N/A       97%         5

Inventory:

Hand Weapons
 e - a +0 whip
 Y - a +0 hand axe (weapon)
Armour
 b - a +0 leather armour (worn)
 c - a +1 ring mail of positive energy
Scrolls
 a - a scroll of immolation {unknown}
 g - 2 scrolls of identify
Potions
 d - 2 potions of attraction {unknown}

Dungeon Overview and Level Annotations

Branches:
Dungeon (2/15)

Altars:


Message History

The gnoll misses you.
You hit the gnoll. Your peck misses the gnoll.
The gnoll is heavily wounded.
The gnoll completely misses you.
You hit the gnoll. You claw the gnoll.
The gnoll is severely wounded.
The gnoll closely misses you.
You hit the gnoll but do no damage.
The gnoll is severely wounded.
The gnoll closely misses you.
You hit the gnoll but do no damage.
The gnoll is severely wounded.
The gnoll hits you with a +0 club!
You hit the gnoll but do no damage. Your kick misses the gnoll.
The gnoll is severely wounded.
The gnoll completely misses you.
You hit the gnoll.
The gnoll is severely wounded.
The gnoll hits you but does no damage.
You hit the gnoll. Your kick misses the gnoll. Your punch misses the gnoll.
The gnoll is almost dead.
The gnoll closely misses you.
You closely miss the gnoll. You claw the gnoll.
You kill the gnoll!
You start resting.
A dart slug comes into view.
You see here a +0 club.
You hit the dart slug. You claw the dart slug.
The dart slug is severely wounded.
The dart slug bites you.
You hit the dart slug.
You kill the dart slug!
You start resting.
An adder is nearby!
2093 ||| Stepping ~*~*~tactically~*~*~ (stealth).
A gnoll opens the door.
A gnoll comes into view. It is wielding a +0 spear.
The adder hisses angrily.
The gnoll hits you with a +0 flail!
You die...

.# .##########
#########
...........
.......>#
#........#
#......#
#.......(#
#......#
#........#
#...g..#
#........#
###......#####..
....####
#....g..?..$....
#.#...# #@##.#
..#...+ #.##%#
#####.#
#))..#### # #.#
#.......# # #.+
#....##.# # ###
#....# # #
#....# #....#
#....#


You could see 2 gnolls.

Vanquished Creatures
  Natasha (thrice) (D:2)
  2 gnolls (D:2)
  An adder (D:2)
  2 worms (D:2)
  2 dart slugs
  4 endoplasms
  3 giant cockroaches
  2 goblins (D:1)
  2 hobgoblins
  4 quokkas (D:1)
  A bat (D:1)
  2 frilled lizards
  2 kobolds
  3 rats
33 creatures vanquished.

Notes
Turn   | Place    | Note
-------+----------+-------------------------------------------
     0 | D:1      | qw the Tengu Warper began the quest for the Orb.
     0 | D:1      | Reached XP level 1. HP: 12/12 MP: 4/4
     0 | D:1      | 0 ||| qw: Version: 0.1-a-89-g26bdef1
     0 | D:1      | 0 ||| qw: Game counter: 1126
     0 | D:1      | 0 ||| qw: Always use a shield: true
     0 | D:1      | 0 ||| qw: God list: Okawaru
     0 | D:1      | 0 ||| qw: Allow faded altars: false
     0 | D:1      | 0 ||| qw: Do Orc after D:15 true
     0 | D:1      | 0 ||| qw: Do second Lair branch before Depths: true
     0 | D:1      | 0 ||| qw: Lair rune preference: random
     0 | D:1      | 0 ||| qw: Plans: Normal
     0 | D:1      | 0 ||| PLANNING D:1-11
    53 | D:1      | 53 ||| Stepping ~*~*~tactically~*~*~ (stealth).
   252 | D:1      | Reached skill level 3 in Axes
   252 | D:1      | Reached XP level 2. HP: 13/17 MP: 6/6
   952 | D:1      | 952 ||| READING 2 scrolls labelled YSTRES UNEAGE.
   953 | D:1      | 953 ||| READING scroll labelled SILIEJ WELOFA.
   954 | D:1      | 954 ||| READING 2 scrolls labelled CAASUCOLOP.
   955 | D:1      | 955 ||| DROPPING scroll of vulnerability.
   956 | D:1      | 956 ||| DROPPING scroll of blinking.
  1026 | D:2      | Reached XP level 3. HP: 14/21 MP: 7/7
  1162 | D:2      | Reached skill level 4 in Axes
  1172 | D:2      | Noticed Natasha
  1180 | D:2      | Killed Natasha
  1181 | D:2      | Reached XP level 4. HP: 15/26 MP: 8/8
  1377 | D:2      | Noticed Natasha
  1378 | D:2      | 1378 ||| Stepping ~*~*~tactically~*~*~ (stealth).
  1379 | D:2      | 1379 ||| Stepping ~*~*~tactically~*~*~ (stealth).
  1381 | D:2      | 1381 ||| FLEEEEING.
  1385 | D:2      | 1385 ||| FLEEEEING.
  1386 | D:2      | 1386 ||| FLEEEEING.
  1396 | D:2      | Killed Natasha
  1397 | D:2      | Reached skill level 5 in Axes
  1696 | D:2      | 1696 ||| Stepping ~*~*~tactically~*~*~ (stealth).
  1812 | D:2      | Noticed Natasha
  1837 | D:2      | 1837 ||| Stepping ~*~*~tactically~*~*~ (stealth).
  1859 | D:2      | Killed Natasha
  1860 | D:2      | Gained mutation: Your magical nature lets you fly swiftly
                  | and evasively. [Tengu growth]
  1860 | D:2      | Reached XP level 5. HP: 16/30 MP: 9/9
  2029 | D:2      | 2029 ||| Stepping ~*~*~tactically~*~*~ (stealth).
  2031 | D:2      | 2031 ||| Stepping ~*~*~tactically~*~*~ (stealth).
  2033 | D:2      | 2033 ||| Stepping ~*~*~tactically~*~*~ (stealth).
  2036 | D:2      | 2036 ||| Stepping ~*~*~tactically~*~*~ (stealth).
  2040 | D:2      | 2040 ||| Stepping ~*~*~tactically~*~*~ (stealth).
  2043 | D:2      | 2043 ||| Stepping ~*~*~tactically~*~*~ (stealth).
  2050 | D:2      | HP: 4/30 [gnoll/+0 club (8)]
  2068 | D:2      | HP: 4/30 [dart slug (2)]
  2093 | D:2      | 2093 ||| Stepping ~*~*~tactically~*~*~ (stealth).
  2095 | D:2      | Slain by a gnoll

Levels and vault maps discovered:
D:1:      ebering_hopf_link, layout_loops_ring, chequers_jeans
D:2:      layout_basic, chequers_arboretum, minmay_tetromino_s4, uniq_natasha

Skill      XL: |  1  2  3  4 |
---------------+-------------+-----
Axes           | 3 4 5 |  5.8
Fighting       | |  2.0
Throwing       | |  1.0
Armour         | |  1.1
Dodging        | |  2.1
Spellcasting   | |  2.0
Translocations | |  2.4

Action                   |  1- 3 |  4- 6 || total
-------------------------+-------+-------++-------
Melee: Hand axe          |    47 |    46 ||    93
       Kick              |    14 |    11 ||    25
       Peck              |     6 |     8 ||    14
       Punch             |       |     1 ||     1
Throw: Boomerang         |     7 |       ||     7
  Use: Scroll            |     3 |       ||     3
Armor: Leather armour    |     9 |     5 ||    14
Dodge: Dodged            |    24 |    21 ||    45

Table legend:
 A = Non-vault XP
 B = Vault XP
 C = Vault XP percentage of total XP
 D = Non-vault monster count
 E = Vault monster count
 F = Vault count percentage of total count
                 A         B        C        D         E       F
            +---------+---------+-------+---------+---------+-------
      Total |     165 |      39 |  19.1 |      31 |       2 |   6.1
            +---------+---------+-------+---------+---------+-------
        D:1 |      31 |       0 |   0.0 |      17 |       0 |   0.0
        D:2 |     134 |      39 |  22.5 |      14 |       2 |  12.5
            +---------+---------+-------+---------+---------+-------
